 Dungeon Crawl Stone Soup version 0.31-a0-187-gba352fbbf7 (webtiles) character file.

Game seed: 5700267070281948406

328 qw the Skirmisher (level 6, -3/35 HPs)
             Began as a Deep Elf Hunter on June 22, 2023.
             Slain by an ogre
             ... wielding a +0 giant club
              (14 damage)
             ... on level 3 of the Dungeon.
             The game lasted 00:00:54 (1978 turns).

qw the Skirmisher (Deep Elf Hunter)                 Turns: 1978, Time: 00:00:54

Health: -3/35      AC:  6    Str: 10    XL:     6   Next: 25%
Magic:  8/8        EV: 12    Int: 14    God:
Gold:   179        SH:  0    Dex: 18    Spells: 5/5 levels left

rFire   . . .        Y - +0 shortbow (freeze)
rCold   . . .        (shield currently unavailable)
rNeg    . . .        e - +0 ring mail
rPois   .            d - +0 helmet
rElec   .            (no cloak)
rCorr   .            (no gloves)
SInv    .            (no boots)
Will    .....        (no amulet)
Stlth   ++           (no ring)
HPRegen 0.25/turn    (no ring)
MPRegen 0.11/turn

%: no passive effects
@: no status effects
A: hooves 1, sturdy frame 1
a: no special abilities


You were on level 3 of the Dungeon.
You visited 1 branch of the dungeon, and saw 3 of its levels.

You collected 179 gold pieces.


Innate Abilities, Weirdness & Mutations

You have large cloven feet.
Your movements are slightly less encumbered by armour. (ER -2)


   Skills:
 - Level 2.0 Fighting
 + Level 9.8 Ranged Weapons
 - Level 2.4 Dodging
 - Level 1.2 Stealth


You had 5 spell levels left.
You didn't know any spells.
Your spell library was empty.

Inventory:

Hand Weapons
 Y - a +0 shortbow of freezing (weapon)
Armour
 d - a +0 helmet (worn)
 e - a +0 ring mail (worn)
Scrolls
 c - a scroll of vulnerability {unknown}
 f - a scroll of identify
 g - a scroll of enchant weapon {unknown}
 i - a scroll of teleportation
Potions
 a - a potion of might {unknown}
 b - 2 potions of resistance {unknown}
 h - 2 potions of mutation
 j - a potion of enlightenment

Dungeon Overview and Level Annotations

Branches:
Dungeon (3/15)

Altars:

Shops:
D:3 !

Annotations:
D:3 1 transporter


Message History

You shoot an arrow. The ogre shouts!
The arrow hits the endoplasm!
The arrow freezes the endoplasm.
You kill the endoplasm!
You hear a shout! x4
Your Fighting skill increases to level 2!
You shoot an arrow. The arrow hits the adder.
The adder seems to slow down.
The arrow freezes the adder.
The adder is moderately wounded.
You shoot an arrow.
The arrow hits the adder but does no damage.
The adder is moderately wounded.
You shoot an arrow. The arrow misses the adder.
The arrow hits the ogre.
The arrow freezes the ogre.
The ogre is moderately wounded.
You shoot an arrow. The arrow hits the adder.
The arrow freezes the adder.
The adder is heavily wounded.
You shoot an arrow. The arrow barely misses the adder.
The arrow barely misses the hobgoblin.
The adder is no longer moving slowly.
The adder bites you.
You shoot an arrow. The arrow closely misses the adder.
The arrow hits the ogre.
The arrow freezes the ogre.
The ogre is heavily wounded.
The adder bites you.
You shoot an arrow. The arrow barely misses the adder.
The arrow barely misses the ogre.
A hobgoblin comes into view.
The adder bites you but does no damage.
You shoot an arrow. The arrow hits the adder!
The arrow freezes the adder.
You kill the adder!
You shoot an arrow. The arrow hits the ogre.
The arrow freezes the ogre.
The ogre is severely wounded.
The ogre hits you with a +0 giant club!!
Ouch! That really hurt!
You shoot an arrow. The arrow barely misses the ogre.
The arrow hits the hobgoblin.
The arrow freezes the hobgoblin.
You kill the hobgoblin!
A goblin comes into view. It is wielding a +0 club.
The ogre hits you with a +0 giant club!
You die...

###.# #....###...##... # #.#
#g..#....# ######... # #.####
#...#....########..# # #.##.#
##...##.............# # #.#..#
..g[###......##..%.# # #....#
...#............... ###....#
.%#..............# ##.....##
##O#.....#.##...### #......##.
##.@#..#........#### ....#..#..#
##...#..#........##.. ##.#...#
#.##...##....#.......... ##.#...#
#.)#..####.#.......%###.
#.#...##+##)##+##...........# #.
#.#...#.........#.....<.....# #.
##.#.#.#.8..8..8.#...........# #.
.......#.........#..)........###.
.......#####'#####.....#####.....


You could see an ogre, a hobgoblin and a goblin.

Vanquished Creatures
  Grinder (D:3)
  7 adders
  A worm (D:3)
  2 dart slugs
  6 ball pythons
  8 endoplasms
  2 giant cockroaches
  9 hobgoblins
  8 jackals (D:1)
  3 kobolds
  2 quokkas
  6 bats
  3 frilled lizards
  9 goblins
  3 rats
70 creatures vanquished.

Notes
Turn   | Place    | Note
-------+----------+-------------------------------------------
     0 | D:1      | qw the Deep Elf Hunter began the quest for the Orb.
     0 | D:1      | Reached XP level 1. HP: 12/12 MP: 3/3
     0 | D:1      | 0 ||| qw: Version: 0.3-a-9-g12657ce
     0 | D:1      | 0 ||| qw: Game counter: 2667
     0 | D:1      | 0 ||| qw: Always use a shield: true
     0 | D:1      | 0 ||| qw: God list: Okawaru
     0 | D:1      | 0 ||| qw: Allow faded altars: false
     0 | D:1      | 0 ||| qw: Do Orc after D:15 true
     0 | D:1      | 0 ||| qw: Do second Lair branch before Depths: true
     0 | D:1      | 0 ||| qw: Lair rune preference: random
     0 | D:1      | 0 ||| qw: Plans: Normal
     0 | D:1      | 0 ||| PLANNING D:1-11
   136 | D:1      | Reached skill level 6 in Ranged Weapons
   136 | D:1      | Reached XP level 2. HP: 16/16 MP: 4/4
   312 | D:1      | Reached XP level 3. HP: 17/20 MP: 5/5
   429 | D:1      | Found a faded altar of an unknown god.
   643 | D:1      | 643 ||| DROPPING ring of wizardry.
   644 | D:1      | 644 ||| READING scroll labelled SOARIJ MIPAUJO.
   665 | D:1      | 665 ||| READING 3 scrolls labelled CUSOLE NAHOOMI.
   693 | D:1      | 693 ||| READING scroll labelled USKODWA SIAJU.
   696 | D:1      | 696 ||| READING scroll labelled GIVOMI ZIAL.
   699 | D:1      | 699 ||| DRINKING 2 orange potions.
   699 | D:1      | Gained mutation: Your movements are slightly less
                  | encumbered by armour. (ER -2) [potion of mutation]
   699 | D:1      | Gained mutation: You have large cloven feet. [potion of
                  | mutation]
   700 | D:1      | 700 ||| DRINKING 2 silvery potions.
   738 | D:1      | 738 ||| DRINKING 2 lumpy ruby potions.
   739 | D:1      | 739 ||| READING 2 scrolls of identify.
   739 | D:1      | 739 ||| IDENTIFYING bubbling green potion
   740 | D:1      | 740 ||| DROPPING scroll of butterflies.
   741 | D:1      | 741 ||| DROPPING potion of ambrosia.
   742 | D:1      | 742 ||| DROPPING potion of lignification.
   922 | D:2      | 922 ||| FLEEEEING.
   975 | D:2      | Reached skill level 7 in Ranged Weapons
  1467 | D:2      | 1467 ||| UPGRADING to +0 helmet.
  1472 | D:2      | 1472 ||| UPGRADING to +0 ring mail.
  1482 | D:2      | 1482 ||| DROPPING +0 leather armour.
  1483 | D:2      | 1483 ||| READING scroll labelled XUGOPI RUTYI.
  1527 | D:3      | Reached XP level 4. HP: 25/25 MP: 6/6
  1611 | D:3      | Reached skill level 8 in Ranged Weapons
  1613 | D:3      | Noticed Grinder
  1622 | D:3      | Killed Grinder
  1623 | D:3      | Reached skill level 9 in Ranged Weapons
  1623 | D:3      | Reached XP level 5. HP: 16/29 MP: 7/7
  1623 | D:3      | Reached XP level 6. HP: 19/34 MP: 8/8
  1878 | D:3      | Found a transporter.
  1878 | D:3      | Found Xiphiun's Distillery.
  1978 | D:3      | Slain by an ogre

Levels and vault maps discovered:
D:1:      lightli_molten_gateway, layout_loops_ring,
          hellmonk_ecumenical_altar_heavens_door, minmay_misc_feat_tower
D:2:      layout_basic, dreamdust_princess_corridor, solitary_fountain
D:3:      minmay_chambers_of_threes, layout_rooms, serial_shops,
          nicolae_shop_drivethru, uniq_robin, uniq_grinder, uniq_natasha

Skill      XL: |  1  2  3  4  5  6 |
---------------+-------------------+-----
Ranged Weapons | 6 7 9 |  9.8
Fighting       | 2 |  2.0
Dodging        | |  2.4
Stealth        | |  1.2

Action                     |  1- 3 |  4- 6 || total
---------------------------+-------+-------++-------
   Fire: Shortbow          |   115 |    79 ||   194
    Use: Scroll            |     6 |       ||     6
         Potion            |     3 |       ||     3
 Armour: Leather armour    |     9 |       ||     9
         Ring mail         |       |     6 ||     6
  Dodge: Dodged            |    25 |    12 ||    37

Table legend:
 A = Non-vault XP
 B = Vault XP
 C = Vault XP percentage of total XP
 D = Non-vault monster count
 E = Vault monster count
 F = Vault count percentage of total count
                 A         B        C        D         E       F
            +---------+---------+-------+---------+---------+-------
      Total |     179 |     292 |  62.0 |      61 |       9 |  12.9
            +---------+---------+-------+---------+---------+-------
        D:1 |      42 |       0 |   0.0 |      23 |       0 |   0.0
        D:2 |      47 |       0 |   0.0 |      19 |       0 |   0.0
        D:3 |      90 |     292 |  76.4 |      19 |       9 |  32.1
            +---------+---------+-------+---------+---------+-------
